 Dungeon Crawl Stone Soup version 0.19-a0-1895-g783e625 (webtiles) character file.

8463 pokedragonboy the Fighter (level 11, -2/102 HPs)
             Began as a Minotaur Fighter on Oct 18, 2016.
             Was an Elder of Uskayaw.
             Slain by a ten-headed hydra (8 damage)
             ... on level 11 of the Dungeon.
             The game lasted 00:21:43 (8728 turns).

pokedragonboy the Fighter (Minotaur Fighter)        Turns: 8728, Time: 00:21:43

Health: -2/102     AC: 15    Str: 23    XL:     11   Next: 10%
Magic:  10/14      EV:  7    Int:  5    God:    Uskayaw [****..]
Gold:   578        SH: 18    Dex: 11    Spells: 0 memorised, 10 levels left

rFire  . . .     SeeInvis .     x - +5 broad axe of Patterns {venom, +Rage Stlth+}
rCold  . . .     Gourm    .     j - +0 chain mail
rNeg   . . .     Faith    .     B - +2 large shield
rPois  +         Spirit   .     (helmet restricted)
rElec  .         Reflect  .     v - +1 cloak
rCorr  .         Harm     .     r - +0 pair of gloves
MR     +....                    (no boots)
Stlth  ..........               (no amulet)
                                p - ring of poison resistance
                                b - ring of protection from magic

@: no status effects
A: retaliatory headbutt, horns 2
a: Stomp, Line Pass, Renounce Religion, Evoke Berserk Rage


You were on level 11 of the Dungeon.
You worshipped Uskayaw.
Uskayaw was noncommittal.
You were not hungry.

You visited 2 branches of the dungeon, and saw 12 of its levels.

You collected 578 gold pieces.

Inventory:

Hand Weapons
 a - the +1 hand axe "Egier" {chop, *Contam rPois rF+, unknown}
   (You found it on level 11 of the Dungeon)

   It inflicts extra damage upon your enemies.
   It protects you from fire.
   It protects you from poison.
   It causes magical contamination when unequipped.
 x - the +5 broad axe of Patterns (weapon) {venom, +Rage Stlth+}
   (You acquired it on level 6 of the Dungeon)

   It poisons the flesh of those it strikes.
   It lets you go berserk.
   It makes you more stealthy.
Missiles
 k - 3 tomahawks (quivered)
Armour
 j - a +0 chain mail (worn)
 r - a +0 pair of gloves (worn)
 v - a +1 cloak (worn)
 B - a +2 large shield (worn)
Jewellery
 b - a ring of protection from magic (left hand)
 p - a ring of poison resistance (right hand)
Wands
 d - a wand of lightning (8/15)
 f - a wand of flame (24/48)
 A - a wand of random effects (29/48)
Scrolls
 h - 2 scrolls of recharging
 o - 3 scrolls of remove curse
 s - 2 scrolls of amnesia
 y - 2 scrolls of blinking
 z - 3 scrolls of fog
 C - a scroll of magic mapping
 D - a scroll of fear
 H - a scroll of enchant weapon
Potions
 e - a potion of haste
 i - 5 potions of lignification
 l - a potion of berserk rage {unknown}
 q - 3 potions of heal wounds
 u - 3 potions of curing
Comestibles
 g - 4 beef jerkies
 m - 6 meat rations
 t - 8 slices of pizza
 w - 5 bread rations


   Skills:
 * Level 11.0 Fighting
 * Level 10.5 Axes
 + Level 8.8 Armour
 + Level 6.7 Dodging
 + Level 6.8 Shields
 + Level 6.2 Invocations


You had 10 spell levels left.
You didn't know any spells.

Dungeon Overview and Level Annotations

Branches:
Dungeon (11/15)            Temple (1/1) D:5            Lair (0/6) D:11
    Orc (0/2) D:10

Altars:
Ashenzari
Cheibriados
Dithmenos
Elyvilon
Fedhas
Gozag
Hepliaklqana
Kikubaaqudgha
Makhleb
Nemelex Xobeh
Okawaru
Qazlal
Ru
Sif Muna
Trog
Uskayaw
Vehumet
Xom
Yredelemnul
Zin
The Shining One

Shops:
D:4 (   D:5 [   D:6 [(=[[


Innate Abilities, Weirdness & Mutations

You reflexively headbutt those who attack you in melee.
You have a pair of horns on your head.


Message History

* * * LOW HITPOINT WARNING * * *
The ten-headed hydra closely misses you.
The ten-headed hydra barely misses you.
The ten-headed hydra bites you but does no damage.
The ten-headed hydra bites you.
* * * LOW HITPOINT WARNING * * *
You block the ten-headed hydra's attack.
The ten-headed hydra bites you but does no damage.
You block the ten-headed hydra's attack.
The ten-headed hydra barely misses you. The ten-headed hydra bites you!
* * * LOW HITPOINT WARNING * * *
You block the ten-headed hydra's attack.
The ten-headed hydra bites you.
* * * LOW HITPOINT WARNING * * *
You block the ten-headed hydra's attack.
The ten-headed hydra bites you but does no damage.
The ten-headed hydra bites you.
* * * LOW HITPOINT WARNING * * *
The ten-headed hydra bites you!
You die...

#.........
######..#.#.#.#
#...(..#.......
#..#####.#.#.#.
##########'†###
#......
............%.#
.#.#.#
..............#
....
##.#.###D###.##
.#
###.###@#.###.#
.#.Z..).......#
#......?......#
.#...#####++###
##..# ##c. ..(
..


You could see a ten-headed hydra, a centaur and a howler monkey zombie.

Vanquished Creatures
  A hydra (D:7)
  Erica (D:9)
  An unseen horror (D:11)
  A wizard (D:9)
  2 hill giants
  A hippogriff (D:7)
  Sigmund (D:3)
  A spriggan (D:9)
  7 yaks (D:11)
  Duvessa (D:5)
  2 ice beasts (D:7)
  3 orc warriors
  3 phantoms
  A black bear (D:9)
  2 necrophages
  3 ogres
  2 centaurs
  A big kobold (D:9)
  Dowan (D:5)
  4 bullfrogs
  2 scorpions
  6 killer bees (D:11)
  5 wights (D:8)
  3 crimson imps
  2 quasits
  2 jellies (D:7)
  2 centaur skeletons
  5 hounds
  An orc priest (D:5)
  A bullfrog skeleton (D:6)
  A gnoll shaman (D:7)
  Jessica (D:2)
  7 orc wizards
  3 iguanas (D:7)
  7 worker ants
  A hound skeleton (D:11)
  A howler monkey zombie (D:5)
  A howler monkey skeleton (D:6)
  15 adders
  13 gnolls (D:7)
  4 shadow imps
  An adder zombie (D:8)
  An adder skeleton (D:6)
  2 worms (D:2)
  A dart slug (D:2)
  7 leopard geckos
  15 orcs
  7 bats
  9 giant cockroaches
  8 goblins
  8 hobgoblins
  8 jackals
  2 quokkas
  2 ball pythons
  6 frilled lizards
  A jackal skeleton (D:4)
  11 kobolds
  A quokka skeleton (D:4)
  4 rats
216 creatures vanquished.

Notes
Turn   | Place    | Note
-------+----------+-------------------------------------------
     0 | D:1      | pokedragonboy the Minotaur Fighter began the quest for the Orb.
     0 | D:1      | Reached XP level 1. HP: 19/19 MP: 0/0
   121 | D:1      | Reached XP level 2. HP: 27/27 MP: 1/1
   556 | D:1      | Reached skill level 4 in Fighting
   697 | D:2      | Reached XP level 3. HP: 32/33 MP: 2/2
   723 | D:2      | Reached skill level 1 in Dodging
  1107 | D:2      | Noticed Jessica
  1112 | D:2      | Killed Jessica
  1112 | D:2      | Reached XP level 4. HP: 39/41 MP: 3/3
  1518 | D:3      | Reached skill level 5 in Fighting
  1644 | D:3      | Reached XP level 5. HP: 48/48 MP: 4/4
  1853 | D:3      | Noticed Sigmund
  1863 | D:3      | Killed Sigmund
  1863 | D:3      | Reached skill level 6 in Fighting
  1863 | D:3      | Reached XP level 6. HP: 44/57 MP: 5/5
  2220 | D:4      | Found Doicuapt's Weapon Emporium.
  2294 | D:4      | Found a glowing golden altar of the Shining One.
  2395 | D:4      | Reached skill level 5 in Axes
  3010 | D:5      | Entered Level 5 of the Dungeon
  3099 | D:5      | Reached skill level 5 in Armour
  3099 | D:5      | Reached XP level 7. HP: 51/64 MP: 6/6
  3163 | D:5      | Found a staircase to the Ecumenical Temple.
  3231 | Temple   | Entered the Ecumenical Temple
  3424 | Temple   | Became a worshipper of Uskayaw the Reveler
  3591 | D:5      | Reached * piety under Uskayaw
  3596 | D:5      | Reached ** piety under Uskayaw
  3665 | D:5      | Noticed Dowan
  3666 | D:5      | Noticed Duvessa
  3675 | D:5      | Killed Duvessa
  3675 | D:5      | Killed Dowan
  3675 | D:5      | Reached *** piety under Uskayaw
  3786 | D:5      | Reached skill level 7 in Fighting
  3790 | D:5      | Reached **** piety under Uskayaw
  3792 | D:5      | Found Luor's Armour Emporium.
  4127 | D:6      | Found Duluxzonk's Weapon Emporium.
  4271 | D:6      | Reached XP level 8. HP: 66/73 MP: 7/7
  4450 | D:6      | Found Coiciyg's Armour Shoppe.
  4470 | D:6      | Identified a scroll of acquirement
  4471 | D:6      | Got a bloodstained broad axe
  4474 | D:6      | Identified the +5 broad axe of Patterns {venom, +Rage Stlth+} (You acquired it on level 6 of the Dungeon)
  4520 | D:6      | Found Ziexuf's Antique Armour Shoppe.
  4604 | D:6      | Found Koakoyhe's Jewellery Shop.
  4674 | D:6      | Found Zimuim's Antique Armour Shoppe.
  4911 | D:7      | Reached skill level 8 in Fighting
  5179 | D:7      | Reached skill level 1 in Invocations
  5215 | D:7      | Noticed a hill giant
  5224 | D:7      | Killed a hill giant
  5224 | D:7      | Reached XP level 9. HP: 65/81 MP: 5/10
  5453 | D:7      | Noticed an eight-headed hydra
  5463 | D:7      | Killed a ten-headed hydra
  5463 | D:7      | Reached skill level 9 in Fighting
  5463 | D:7      | Reached skill level 5 in Dodging
  5463 | D:7      | Reached skill level 5 in Shields
  6902 | D:8      | Reached XP level 10. HP: 91/91 MP: 12/12
  6904 | D:8      | Reached skill level 5 in Invocations
  6980 | D:8      | Found a bloodstained altar of Trog.
  7413 | D:9      | Noticed a wizard
  7427 | D:9      | Killed a wizard
  7577 | D:9      | Noticed Erica
  7584 | D:9      | Killed Erica
  7584 | D:9      | Reached skill level 10 in Fighting
  7752 | D:10     | Entered Level 10 of the Dungeon
  7770 | D:10     | Gained mutation: You are weak. (Str -2) [potion of mutation]
  7770 | D:10     | Lost mutation: You are weak. (Str -2) [potion of mutation]
  7770 | D:10     | Gained mutation: You are dopey. (Int -2) [potion of mutation]
  7771 | D:10     | Lost mutation: You are dopey. (Int -2) [potion of cure mutation]
  7840 | D:10     | Found a staircase to the Orcish Mines.
  7877 | D:10     | Noticed a hill giant
  7886 | D:10     | Killed a hill giant
  8171 | D:10     | Found a radiant altar of Vehumet.
  8400 | D:11     | Reached skill level 10 in Axes
  8577 | D:11     | Found a staircase to the Lair.
  8604 | D:11     | Got a twisted hand axe
  8680 | D:11     | Reached XP level 11. HP: 101/101 MP: 10/14
  8680 | D:11     | Reached ***** piety under Uskayaw
  8720 | D:11     | Noticed a six-headed hydra
  8728 | D:11     | Killed an unseen horror
  8728 | D:11     | Reached skill level 11 in Fighting
  8728 | D:11     | Slain by a ten-headed hydra

Vault maps used:
D:1:      grunt_arrival_crossed_arrows, minmay_misc_feat_tiny, minmay_cut_off
D:2:      uniq_jessica
D:3:      first_bread, uniq_sigmund
D:4:      serial_corexii_hall, corexii_hall_statues_u, corexii_hall_statues_l,
          corexii_hall_statues_l, corexii_hall_statues_t, serial_shops, shop,
          tso_metal_star
D:5:      serial_shops, shop, uniq_duvessa
D:6:      serial_shops, nicolae_shop_window_shopping, shop, shop,
          nicolae_shop_overgrown_old_shop, shop
D:7:      minmay_thick_lines
D:8:      bloody_trog
D:9:      grunt_pizzeria, minmay_librarian, uniq_erica
D:10:     orc_0_dummy, basic_altar
D:11:     hex_large, grunt_decor_one_mirror, hangedman_corner_corridor
Temple:   regret_index_temple_chain_breaker

Skill      XL: |  1  2  3  4  5  6  7  8  9 10 11 |
---------------+----------------------------------+-----
Armour         | 4 5 6 7 8 |  8.8
Fighting       | 4 5 6 7 8 9 10 11 | 11.0
Dodging        | 1 2 3 4 5 6 |  6.7
Axes           | 3 4 5 6 8 9 10 | 10.5
Shields        | 4 5 6 |  6.8
Invocations    | 2 4 6 |  6.2

Action                   |  1- 3 |  4- 6 |  7- 9 | 10-12 || total
-------------------------+-------+-------+-------+-------++-------
Melee: War axe           |   109 |   103 |    64 |       ||   276
       Headbutt          |    16 |    16 |    26 |    26 ||    84
       Broad axe         |       |       |   123 |   116 ||   239
Invok: Stomp             |       |       |     1 |       ||     1
       Line Pass         |       |       |       |     2 ||     2
 Abil: Evoke Berserk Rag |       |       |     1 |       ||     1
Evoke: Wand              |       |       |     3 |       ||     3
  Use: Scroll            |     3 |     5 |     6 |     6 ||    20
       Potion            |       |     1 |     4 |     2 ||     7
 Stab: Paralysed         |       |       |     9 |    16 ||    25
  Eat: Chunk             |     1 |       |       |       ||     1
       Bread ration      |       |     2 |       |     2 ||     4
       Royal jelly       |       |       |     2 |       ||     2
       Meat ration       |       |       |     1 |       ||     1
       Beef jerky        |       |       |     1 |       ||     1
Armor: Scale mail        |    47 |     5 |       |       ||    52
       Chain mail        |       |    52 |    98 |    54 ||   204
Dodge: Dodged            |    25 |    23 |    59 |    33 ||   140
Block: Shield            |    55 |    63 |    93 |    16 ||   227
       Large shield      |       |       |       |    63 ||    63
